 Dungeon Crawl Stone Soup version 0.30-a0-860-g512cf1e979 (webtiles) character file.

Game seed: 10435927399721941175

51 NinjaNoafa the Magician (level 4, 0/33 HPs)
             Began as a Djinni Conjurer on Mar 7, 2023.
             Was a Believer of Jiyva.
             Slain by Grinder (2 damage)
             ... on level 3 of the Dungeon.
             The game lasted 00:02:53 (1191 turns).

NinjaNoafa the Magician (Djinni Conjurer)           Turns: 1191, Time: 00:02:54

Health: 0/33       AC:  2    Str:  6    XL:     4   Next: 7%
Gold:   107        EV: 12    Int: 22    God:    Jiyva [**....] SH:  0 Dex: 11

rFire   + + .      SeeInvis .    a - +0 dagger (venom)
rCold   x . .      Faith    .    (no shield)
rNeg    . . .      Spirit   .    m - +0 robe
rPois   ∞          Reflect  .    (no helmet)
rElec   .          Rampage  .    (no cloak)
rCorr   +                        (no gloves)
Will    .....                    (boots unavailable)
Stlth   ++                       h - amulet of regeneration
HPRegen 2.01/turn                k - +4 ring of slaying
MPRegen 0.00/turn                (no ring)

@: flying
A: sickness immunity, fire resistance 2, cold vulnerability 1, float, innate
caster, HP casting, extra vitality 1
a: Renounce Religion


You were on level 3 of the Dungeon.
You worshipped Jiyva.
Jiyva was pleased with you.
You visited 1 branch of the dungeon, and saw 3 of its levels.

You collected 107 gold pieces.

Inventory:

Hand Weapons
 a - a +0 dagger of venom (weapon)
Missiles
 j - 2 javelins
Armour
 m - a +0 robe (worn)
Jewellery
 h - an amulet of regeneration (around neck)
 k - a +4 ring of slaying (left hand)
Scrolls
 d - a scroll of noise {unknown}
 e - 3 scrolls of identify {unknown}
 f - a scroll of acquirement {unknown}
 g - a scroll of teleportation {unknown}
 i - a scroll of enchant weapon {unknown}
 l - a scroll of fog {unknown}
Potions
 b - a potion of haste {unknown}
 c - a potion of brilliance {unknown}


   Skills:
 + Level 2.2 Fighting
 - Level 2.1 Dodging
 - Level 1.5 Stealth
 + Level 3.8 Spellcasting


You knew the following spells:

 Your Spells              Type           Power      Damage    Failure   Level
a - Magic Dart            Conj           80%        1d7       2%          1
b - Searing Ray           Conj           40%        2d5       3%          2
c - Dazzling Flash        Conj/Hex       40%        N/A       7%          3
d - Fulminant Prism       Conj/Hex       10%        3d8       24%         4
e - Iskenderun's Mystic   Conj/Tloc      20%        2d6       24%         4
f - Sting                 Tmut/Pois      80%        1d7       2%          1
Your spell library was empty.

Dungeon Overview and Level Annotations

Branches:
Dungeon (3/15)

Altars:
Wu Jian
Jiyva

Annotations:
D:3 Grinder


Innate Abilities, Weirdness & Mutations

You are immune to sickness and miasma.
You are immune to poison.
Your flesh is very heat resistant. (rF++)
You are vulnerable to cold. (rC-)
You float through the air rather than walking.
You learn spells naturally, not from books.
Your magical power is your life essence.
You have superior vitality. (+4 MHP)


Message History

The sting misses Grinder.
Grinder gestures at you. Pain shoots through your body!
Unknown command.
Casting: Sting (safe; 2% risk of failure)
Confirm with . or Enter, or press ? or * to list all spells.
Aiming: Sting (safe; 2% risk of failure)
Press: ? - help, Shift-Dir - straight line, f/p - Grinder
Aim: Grinder (lightly wounded, poisoned, 73% to hit)
The sting hits Grinder but does no damage.
Grinder looks even sicker.
Grinder is lightly wounded.
Grinder hits you.
You writhe in agony.
The endoplasm hits the rat.
You hear a distant slurping noise.
Casting: Sting (safe; 2% risk of failure)
Confirm with . or Enter, or press ? or * to list all spells.
Aiming: Searing Ray (safe; 3% risk of failure)
Press: ? - help, Shift-Dir - straight line, f/p - Grinder
Aim: Grinder (lightly wounded, very poisoned, 75% to hit)
The searing ray hits Grinder.
Grinder is moderately wounded. (Press . to maintain the ray.)
The rat bites the endoplasm.
The endoplasm hits the rat.
The rat dies!
Grinder gestures at you.
You suddenly lose the ability to move!
You hear a distant slurping noise.
Grinder hits you!
* * * LOW HITPOINT WARNING * * *
You writhe in agony.
* * * LOW HITPOINT WARNING * * *
Grinder gestures at you. Pain shoots through your body!
* * * LOW HITPOINT WARNING * * *
You can move again.
Unknown command.
Okay, then.
Okay, then.
Grinder attacks as you move away! Grinder hits you.
You die...

..## ...#.# ..#
.#.#.# ..... .# .##
..+ ......# .######
...... ....... ..#.#
.....## ##+####..#.#
.....#
#......#...####.
.....#
#......#........
#########.......@5J.#
..................#.#
##########.#......#
#.#......# #.#......#
####### #.#......#
......## #.#......#
........ ..#.###+##
........ ..#.#


You could see Grinder (very poisoned) and a neutral endoplasm (wandering)
(fellow slime).

Vanquished Creatures
  2 adders (D:2)
  2 giant cockroaches
  7 goblins
  A hobgoblin (D:1)
  3 jackals (D:2)
  4 kobolds (D:1)
  3 quokkas (D:2)
  2 ball pythons
  2 bats (D:2)
  4 frilled lizards
  4 rats
34 creatures vanquished.

Vanquished Creatures (others)
  An adder (D:3)
  A worm (D:2)
  4 endoplasms
  A hobgoblin (D:3)
  2 jackals
  A bat (D:3)
  2 rats
12 creatures vanquished.

Grand Total: 46 creatures vanquished

Notes
Turn   | Place    | Note
-------+----------+-------------------------------------------
     0 | D:1      | NinjaNoafa the Djinni Conjurer began the quest for the Orb.
     0 | D:1      | NinjaNoafa set off with the following spells memorised:
                  | Magic Dart, Searing Ray, Dazzling Flash, Fulminant Prism,
                  | Iskenderun's Mystic Blast.
     0 | D:1      | Reached XP level 1. HP: 15/15 MP: 0/0
   269 | D:1      | Reached skill level 1 in Fighting
   269 | D:1      | Reached XP level 2. HP: 21/22 MP: 0/0
   283 | D:1      | Found a faded altar of an unknown god.
   313 | D:1      | Prayed at the altar of an unknown god.
   313 | D:1      | Became a worshipper of Jiyva Joytas the Shapeless
   313 | D:1      | Reached * piety under Jiyva
   597 | D:2      | Reached XP level 3. HP: 25/27 MP: 0/0
   597 | D:2      | Learned a level 1 spell: Sting
   611 | D:2      | Found an ornate altar of the Wu Jian Council.
   809 | D:2      | Reached ** piety under Jiyva
   986 | D:3      | Reached XP level 4. HP: 33/33 MP: 0/0
  1182 | D:3      | Noticed Grinder
  1188 | D:3      | Paralysed by Grinder for 3 turns
  1191 | D:3      | Slain by Grinder

Illustrated notes

Levels and vault maps discovered:
D:1:      amcnicky_arrival_choice, layout_basic, serial_curves, eino_curves_03,
          eino_curves_02, shapermc_ecumenical_altar_rom_forum
D:2:      layout_rooms, basic_altar
D:3:      layout_basic, feat_on_display, uniq_grinder

Skill      XL: |  1  2  3 |
---------------+----------+-----
Fighting       | 1 2 |  2.2
Dodging        | |  2.1
Stealth        | |  1.5
Spellcasting   | |  3.8

Action                     |  1- 3 |  4- 6 || total
---------------------------+-------+-------++-------
  Melee: Unarmed           |     3 |       ||     3
         Short sword       |    10 |       ||    10
         Dagger            |       |     1 ||     1
   Cast: Magic Dart        |    34 |     1 ||    35
         Searing Ray       |     2 |     1 ||     3
         Sting             |    10 |     4 ||    14
         Dazzling Flash    |     1 |       ||     1
   Stab: Invisible         |     1 |       ||     1
 Armour: Robe              |     2 |       ||     2
  Dodge: Dodged            |    18 |     1 ||    19

Table legend: (Time is in decaauts)
 A = Elapsed time spent in this place.
 B = Non-inter-level travel time spent in this place.
 C = Inter-level travel time spent in this place.
 D = Time resting spent in this place.
 E = Time spent auto-exploring this place.
 F = Levels seen in this place.
 G = Mean time per level.
                   A        B        C        D        E       F      G
               +--------+--------+--------+--------+--------+-----+--------+
         Total |   1187 |   1138 |     49 |      0 |    916 |   3 |  395.7 |
       Dungeon |   1187 |   1138 |     49 |      0 |    916 |   3 |  395.7 |
               +--------+--------+--------+--------+--------+-----+--------+

Top non-repeatable levels by time:
     D:1: 589 daAuts
     D:2: 362 daAuts
     D:3: 235 daAuts
